 Dungeon Crawl Stone Soup version 0.30.0-18-gc0e69614cb (webtiles) character file.

Game seed: 3460404905367952400

1463 cheesebisquit the Ruffian (level 8, 0/75 HPs)
             Began as a Troll Warper on May 24, 2023.
             Was an Initiate of Okawaru.
             Slain by an unseen horror (2 damage)
             ... on level 6 of the Dungeon.
             The game lasted 00:23:09 (5929 turns).

cheesebisquit the Ruffian (Troll Warper)            Turns: 5929, Time: 00:23:10

Health: 0/75       AC:  4    Str: 20    XL:     8   Next: 48%
Magic:  10/10      EV: 10    Int: 11    God:    Okawaru [......]
Gold:   293        SH:  0    Dex:  9    Spells: 1/11 levels left

rFire   . .          .
                       - Unarmed
rCold   . . .        (no shield)
rNeg    . . .        a - +0 robe
rPois   .            (helmet restricted)
rElec   .            g - scarf {shadows}
rCorr   .            (gloves unavailable)
SInv    .            (boots unavailable)
Will    .....        (no amulet)
Stlth   ++           (no ring)
HPRegen 1.12/turn    (no ring)
MPRegen 0.12/turn

%: no passive effects
@: about to teleport
A: large, unfitting armour, claws 3, regeneration 1, shaggy fur 1, tough skin 1
a: Renounce Religion


You were on level 6 of the Dungeon.
You worshipped Okawaru.
Okawaru was noncommittal.
You visited 2 branches of the dungeon, and saw 7 of its levels.

You collected 293 gold pieces.

Inventory:

Hand Weapons
 d - a +0 giant spiked club
 f - a +1 dagger of venom
 p - a +0 morningstar
Missiles
 b - 6 poisoned darts (quivered)
 c - 5 boomerangs of dispersal
 s - 5 javelins
Armour
 a - a +0 robe (worn)
 g - a scarf of shadows (worn)
Scrolls
 h - a scroll of immolation {unknown}
 j - a scroll of enchant armour {unknown}
 m - a scroll of torment {unknown}
 r - a scroll of magic mapping {unknown}
 x - a scroll of poison {unknown}
Potions
 e - 4 potions of attraction
 i - 3 potions of lignification
 k - 3 potions of brilliance
 l - 4 potions of degeneration
 n - 2 potions of flight
 v - a potion of mutation


   Skills:
 + Level 3.0 Fighting
 + Level 3.3 Throwing
 + Level 2.5 Armour
 + Level 3.3 Dodging
 + Level 1.8 Stealth
 * Level 5.0 Unarmed Combat
 + Level 2.4 Spellcasting
 + Level 3.4 Translocations
 + Level 1.2 Air Magic
 + Level 0.4 Invocations


You had one spell level left.
You knew the following spells:

 Your Spells              Type           Power      Damage    Failure   Level
a - Blink                 Tloc           16%        N/A       11%         2
b - Lesser Beckoning      Tloc           16%        N/A       11%         2
c - Teleport Other        Tloc           8%         N/A       21%         3
d - Vhi's Electric Charg  Tloc/Air       12%        N/A       32%         3

Your spell library contained the following spells:

 Spells                   Type           Power      Damage    Failure   Level
 Manifold Assault         Tloc           8%         N/A       56%         4
 Ozocubu's Refrigeration  Ice            0%         4d7       100%        7
 Polar Vortex             Ice            0%         N/A       100%        9
 Summon Small Mammal      Summ           Unusable   N/A       N/A         1
 Call Canine Familiar     Summ           Unusable   N/A       N/A         3
 Summon Guardian Golem    Hex/Summ       Unusable   N/A       N/A         3
 Simulacrum               Ice/Necr       Unusable   N/A       N/A         6

Dungeon Overview and Level Annotations

Branches:
Dungeon (6/15)             Temple (1/1) D:6

Altars:
Ashenzari
Dithmenos
Elyvilon
Fedhas
Gozag
Hepliaklqana
Kikubaaqudgha
Makhleb
Nemelex Xobeh
Okawaru
Qazlal
Ru
Sif Muna
Trog
Uskayaw
Vehumet
Wu Jian
Xom
Yredelemnul
Zin
The Shining One

Shops:
D:2 (


Innate Abilities, Weirdness & Mutations

You are too large for most types of armour.
You have claws for hands.
Your natural rate of healing is unusually fast.
You are covered in fur. (AC +1)
You have tough skin. (AC +1)


Message History

d - a +0 giant spiked club You see here a poisoned dart.
You see here a poisoned dart.
You see here 2 poisoned darts.
You see here 2 poisoned darts.
You see here a poisoned dart.
You see here a poisoned dart.
There is a strange disturbance nearby!
Throw: 7 darts (poison)
Press: ? - help, Q - select action, (/) - cycle Shift-Dir - straight line You throw a poisoned dart.
Something hits you.
You miss something. Something hits you. Something hits you.
You barely miss something. Something hits you! Something hits you!
Something hits you. Something hits you.
You closely miss something. Something hits you but does no damage.
Something hits you but does no damage. Something hits you!
Something hits you but does no damage.
Okay, then.
Something hits you. Something hits you! Something hits you! Something hits you.
Something hits you but does no damage. Something hits you!
* * * LOW HITPOINT WARNING * * *
As you read the scroll of teleportation, it crumbles to dust.
You feel strangely unstable. Something hits you!
* * * LOW HITPOINT WARNING * * *
Something hits you.
* * * LOW HITPOINT WARNING * * *
Something hits you!
* * * LOW HITPOINT WARNING * * *
Something hits you.
* * * LOW HITPOINT WARNING * * *
Something hits you but does no damage. Something hits you.
You die...

#. ###.###.##......##.....'^
..#.###....†..........##....##.
###.#..##.#####.##.......#....###
..............#.##...#.#.#....###
..........###.#.##...._..#.....##
#.....(...# #.#.##...#.###.####.#
.....!....# #.#.##......##.......
#........###.#.##......##.####.#
#......###....{@................
###.##..$#.#.#.#####...........#
#.# ####...#.##########.######
#.# #.....#....$............. #.#
####.############....#### ###)#
#............#....###. #...#
#............#....##.. #.###
#............#........ #.#
##.#######.........##.


There were no monsters in sight!

Vanquished Creatures
  3 ice beasts
  A black bear (D:6)
  A sky beast (D:6)
  An ogre (D:6)
  3 scorpions
  A howler monkey (D:5)
  A crimson imp (D:4)
  A hound (D:5)
  3 orc priests
  4 iguanas
  A gnoll bouda (D:5)
  Natasha (twice) (D:3)
  3 orc wizards
  10 gnolls
  6 adders
  3 river rats (D:5)
  3 worms (D:2)
  2 dart slugs
  14 orcs
  4 ball pythons
  10 bats
  2 endoplasms
  4 giant cockroaches
  15 goblins
  6 hobgoblins
  4 quokkas
  2 frilled lizards (D:2)
  15 kobolds
  6 rats
  A spectral orc (D:6)
132 creatures vanquished.

Notes
Turn   | Place    | Note
-------+----------+-------------------------------------------
     0 | D:1      | cheesebisquit the Troll Warper began the quest for the Orb.
     0 | D:1      | Reached XP level 1. HP: 19/19 MP: 1/1
    99 | D:1      | Reached skill level 1 in Throwing
   160 | D:1      | Reached XP level 2. HP: 27/27 MP: 2/2
   268 | D:1      | You fall into a shaft and drop 1 floor!
  1108 | D:2      | Reached XP level 3. HP: 31/35 MP: 4/4
  1497 | D:2      | Found Toukef's Antique Weapon Boutique.
  1892 | D:3      | Reached XP level 4. HP: 36/42 MP: 5/5
  2067 | D:3      | Noticed Natasha
  2129 | D:3      | Reached skill level 1 in Armour
  2171 | D:3      | Reached XP level 5. HP: 11/49 MP: 6/6
  2280 | D:3      | Killed Natasha
  2377 | D:3      | Found a hazy altar of Hepliaklqana.
  2510 | D:3      | Noticed Natasha
  2517 | D:3      | Killed Natasha
  2518 | D:3      | Reached skill level 3 in Unarmed Combat
  3009 | D:4      | Found a burning altar of Makhleb.
  3009 | D:4      | Found a radiant altar of Vehumet.
  3090 | D:4      | Reached XP level 6. HP: 53/57 MP: 7/7
  3423 | D:5      | Entered Level 5 of the Dungeon
  3478 | D:5      | Reached skill level 1 in Stealth
  3889 | D:5      | Learned a level 2 spell: Blink
  3892 | D:5      | Learned a level 2 spell: Lesser Beckoning
  3896 | D:5      | Learned a level 3 spell: Teleport Other
  3919 | D:5      | Reached XP level 7. HP: 32/66 MP: 9/9
  4054 | D:5      | Found a shadowy altar of Dithmenos.
  4066 | D:5      | Reached skill level 4 in Unarmed Combat
  4133 | D:4      | Learned a level 3 spell: Vhi's Electric Charge
  4790 | D:6      | Found a staircase to the Ecumenical Temple.
  4818 | Temple   | Entered the Ecumenical Temple
  5137 | D:6      | Reached XP level 8. HP: 50/74 MP: 10/10
  5176 | D:6      | Found a sparkling altar of Nemelex Xobeh.
  5218 | D:6      | Found a basalt altar of Yredelemnul.
  5395 | D:6      | Found a white marble altar of Elyvilon.
  5398 | D:6      | Found a glowing golden altar of the Shining One.
  5424 | D:6      | Found a shimmering altar of Xom.
  5427 | D:6      | Found a stormy altar of Qazlal.
  5434 | D:6      | Reached skill level 1 in Air Magic
  5494 | D:6      | Found an iron altar of Okawaru.
  5523 | D:6      | Became a worshipper of Warmaster Okawaru
  5616 | D:6      | HP: 1/75 [ogre/+0 giant spiked club (33)]
  5778 | D:6      | Found an ancient bone altar of Kikubaaqudgha.
  5847 | D:6      | Reached skill level 5 in Unarmed Combat
  5928 | D:6      | HP: 2/75 [something (8)]
  5929 | D:6      | Slain by an unseen horror

Illustrated notes

Levels and vault maps discovered:
D:1:      tarquinn_simple_flora_water_f, layout_basic
D:2:      layout_loops_ring, serial_forest, infiniplex_forest_corner_1,
          infiniplex_forest_corner_1, infiniplex_forest_fountain,
          infiniplex_forest_zigzag_1, infiniplex_forest_straight_4,
          infiniplex_forest_lined_room_2, serial_shops, shop,
          minmay_pentomino_w4
D:3:      layout_basic, mainiacjoe_overflow_tiny_flanked, uniq_natasha
D:4:      layout_loops_ring, grunt_temple_overflow_lords_of_destruction
D:5:      corexii_shack_village, layout_rooms,
          mainiacjoe_overflow_six_doors_small, portal_sewer_entry_e
D:6:      layout_basic, lemuel_crystal_altar,
          mainiacjoe_overflow_concentric_impassable,
          yredelemnul_forgotten_temple_becter, kiku_gazebo_pond_becter,
          grunt_temple_overflow_cloverleaf, temple_doors_e, minmay_microvault,
          uniq_eustachio
Temple:   grunt_temple_mini_profane

Skill      XL: |  1  2  3  4  5  6  7  8 |
---------------+-------------------------+-----
Throwing       | 1 2 3 |  3.3
Dodging        | 2 3 |  3.3
Armour         | 1 2 |  2.5
Fighting       | 2 3 |  3.0
Unarmed Combat | 3 4 5 |  5.0
Stealth        | 1 |  1.8
Spellcasting   | 2 |  2.4
Translocations | 3 |  3.4
Air Magic      | 1 |  1.2
Invocations    | |  0.4

Action                     |  1- 3 |  4- 6 |  7- 9 || total
---------------------------+-------+-------+-------++-------
  Melee: Unarmed           |   141 |   216 |   175 ||   532
         Punch             |     2 |     3 |     4 ||     9
  Throw: Javelin           |       |     3 |     5 ||     8
         Throwing net      |       |     1 |       ||     1
         Dart              |       |       |    13 ||    13
         Boomerang         |       |       |     2 ||     2
    Use: Potion            |     1 |       |     3 ||     4
         Scroll            |       |     7 |     7 ||    14
   Stab: Sleeping          |     1 |     1 |       ||     2
 Armour: Robe              |    68 |    68 |    47 ||   183
         Skin              |     2 |       |       ||     2
  Dodge: Dodged            |    91 |   106 |    51 ||   248
